 Dungeon Crawl Stone Soup version 0.31-a0-672-g7da72447bb (webtiles) character file.

Game seed: 16347690458271416270

320 pokeman the Magician (level 6, -1/34 HPs)
             Began as a Deep Elf Hedge Wizard on Sept 4, 2023.
             Slain by a gnoll sergeant
             ... wielding a +0 spear
              (3 damage)
             ... on level 4 of the Dungeon.
             The game lasted 00:06:28 (3353 turns).

pokeman the Magician (Deep Elf Hedge Wizard)        Turns: 3353, Time: 00:06:29

Health: -1/34      AC:  4    Str:  7    XL:     6   Next: 22%
Magic:  10/17      EV: 13    Int: 21    God:
Gold:   138        SH:  0    Dex: 14    Spells: 10/18 levels left

rFire   . . .        o - +0 hand axe (elec)
rCold   . . .        (no shield)
rNeg    . . .        b - +0 robe
rPois   +            n - +0 helmet
rElec   .            l - scarf {+Inv}
rCorr   .            m - +0 pair of gloves
SInv    .            (no boots)
Will    .....        e - amulet of the acrobat
Stlth   ++           g - ring of poison resistance
HPRegen 0.25/turn    (no ring)
MPRegen 0.15/turn

%: acrobat
@: no status effects
A: no striking features
a: Evoke Invisibility


You were on level 4 of the Dungeon.
You visited 1 branch of the dungeon, and saw 4 of its levels.

You collected 138 gold pieces.

Inventory:

Hand Weapons
 o - a +0 hand axe of electrocution (weapon)
Armour
 b - a +0 robe (worn)
 l - a scarf of invisibility (worn)
 m - a +0 pair of gloves (worn)
 n - a +0 helmet (worn)
Jewellery
 e - an amulet of the acrobat (around neck)
 g - a ring of poison resistance (left hand)
Scrolls
 a - 4 scrolls of teleportation {unknown}
 h - a scroll of identify {unknown}
 j - a scroll of brand weapon {unknown}
 q - a scroll of fog {unknown}
 r - a scroll of vulnerability {unknown}
 s - a scroll of immolation {unknown}
 t - a scroll of noise {unknown}
 u - a scroll of torment {unknown}
Potions
 c - a potion of lignification {unknown}
 d - a potion of magic
 f - a potion of haste {unknown}
 i - 3 potions of enlightenment {unknown}
 k - 2 potions of heal wounds {unknown}
 p - 2 potions of curing {unknown}


   Skills:
 + Level 1.2 Fighting
 - Level 1.0 Armour
 - Level 3.1 Dodging
 - Level 3.2 Stealth
 * Level 6.8 Spellcasting
 + Level 3.1 Conjurations
 - Level 1.1 Summonings
 - Level 1.1 Translocations
 - Level 1.0 Air Magic
 - Level 1.0 Poison Magic
 - Level 1.0 Evocations


You had 10 spell levels left.
You knew the following spells:

 Your Spells              Type           Power      Damage    Failure   Level
a - Magic Dart            Conj           80%        1d7       2%          1
b - Mephitic Cloud        Conj/Pois/Air  14%        N/A       13%         3
c - Call Imp              Summ           22%        N/A       9%          2
d - Blink                 Tloc           22%        N/A       9%          2

Your spell library contained the following spells:

 Spells                   Type           Power      Damage    Failure   Level
 Momentum Strike          Conj/Tloc      32%        3d8       5%          2
 Slow                     Hex            28%        N/A       9%          1
 Lesser Beckoning         Tloc           22%        N/A       9%          2
 Cigotuvi's Dreadful Rot  Necr/Pois/Air  18%        N/A       11%         2


Dungeon Overview and Level Annotations

Branches:
Dungeon (4/15)
 Temple: D:4-7

Altars:

Shops:
D:3 :


Message History

Confirm with . or Enter, or press ? or * to list all spells.
Aiming: Mephitic Cloud (quite dangerous; 14% risk of failure)
Press: ? - help, Shift-Dir - straight line, f - gnoll
Aim: a gnoll, wielding a +0 spear (lightly wounded, chance to affect: 91%)
The ball explodes into a vile cloud!
The stinking cloud engulfs the gnoll but does no damage.
The gnoll is lightly wounded.
The gnoll is engulfed in noxious fumes.
The gnoll appears confused.
The gnoll sergeant barely misses the gnoll.
Unknown command.
Unknown command.
You catch the helpless gnoll sergeant completely off-guard!
You hit the gnoll sergeant but do no damage.
The gnoll sergeant is severely wounded.
You hit the gnoll. Lightning courses through the gnoll!
The gnoll hits itself with a +0 spear.
The gnoll is killed!
Unknown command.
You hit the gnoll sergeant but do no damage.
The gnoll sergeant is severely wounded.
The gnoll sergeant hits you with a +0 spear.
The gnoll sergeant closely misses you.
You hit the gnoll sergeant but do no damage.
Your punch misses the gnoll sergeant.
The gnoll sergeant is severely wounded.
The gnoll sergeant hits you with a +0 spear!
* * * LOW HITPOINT WARNING * * *
You catch the helpless gnoll sergeant completely off-guard!
You hit the gnoll sergeant but do no damage.
The gnoll sergeant is severely wounded.
Casting: Mephitic Cloud (quite dangerous; 13% risk of failure)
Confirm with . or Enter, or press ? or * to list all spells.
Aiming: Magic Dart (safe; 2% risk of failure)
Press: ? - help, Shift-Dir - straight line, f - gnoll sergeant
Aim: a gnoll sergeant, wielding a +0 spear, wearing a +0 ring mail and wearing a +0 kite shield (severely wounded, confused, 100% to hit)
The magic dart hits the gnoll sergeant.
The gnoll sergeant is severely wounded.
The gnoll sergeant seems less confused.
The gnoll sergeant hits you from afar with a +0 spear.
You die...

. ...
#####....!
#.#####.<../#
#....g)@#####
#..######


You could see a gnoll sergeant.

Vanquished Creatures
  A scorpion (D:3)
  A hound (D:3)
  An orc priest (D:3)
  3 orc wizards (D:3)
  An adder (D:2)
  3 gnolls (D:4)
  2 worms (D:2)
  2 dart slugs
  An orc (D:2)
  5 endoplasms
  2 giant cockroaches (D:1)
  7 goblins
  5 hobgoblins
  8 jackals
  2 quokkas (D:1)
  5 ball pythons
  9 bats
  5 frilled lizards
  13 kobolds
  2 rats (D:2)
78 creatures vanquished.

Notes
Turn   | Place    | Note
-------+----------+-------------------------------------------
     0 | D:1      | pokeman the Deep Elf Hedge Wizard began the quest for the
                  | Orb.
     0 | D:1      | Reached XP level 1. HP: 10/10 MP: 7/7
   182 | D:1      | Reached XP level 2. HP: 15/15 MP: 6/9
   646 | D:1      | Reached skill level 5 in Spellcasting
   899 | D:1      | Reached XP level 3. HP: 20/20 MP: 5/11
   904 | D:1      | Learned a level 3 spell: Mephitic Cloud
   907 | D:1      | Learned a level 2 spell: Call Imp
   910 | D:1      | Learned a level 2 spell: Blink
  1349 | D:2      | Reached skill level 1 in Fighting
  1557 | D:2      | Reached skill level 1 in Armour
  2020 | D:2      | Reached XP level 4. HP: 25/25 MP: 7/13
  2332 | D:3      | Noticed a scorpion
  2498 | D:3      | Reached skill level 6 in Spellcasting
  2498 | D:3      | Reached XP level 5. HP: 29/29 MP: 6/15
  2968 | D:3      | Reached skill level 1 in Poison Magic
  2968 | D:3      | Reached skill level 1 in Evocations
  3050 | D:3      | Reached skill level 1 in Air Magic
  3050 | D:3      | Reached XP level 6. HP: 34/34 MP: 13/17
  3137 | D:3      | Found Jyskoenn's Vocational Training.
  3351 | D:4      | HP: 1/34 [gnoll sergeant/+0 spear (10)]
  3353 | D:4      | Slain by a gnoll sergeant

Illustrated notes

Levels and vault maps discovered:
D:1:      psy_arrival_radial01, layout_basic, minmay_misc_feat_doors
D:2:      layout_rooms
D:3:      layout_basic, st_stairs_4, nicolae_shop_vocational
D:4:      layout_rooms, nicolae_overflow_hidden_temple, kennysheep_slug_shrine

Skill      XL: |  1  2  3  4  5 |
---------------+----------------+-----
Spellcasting   | 5 6 |  6.8
Fighting       | 1 |  1.2
Armour         | 1 |  1.0
Conjurations   | 2 3 |  3.1
Stealth        | 3 |  3.2
Dodging        | 3 |  3.1
Poison Magic   | 1 |  1.0
Evocations     | 1 |  1.0
Air Magic      | 1 |  1.0
Summonings     | |  1.1
Translocations | |  1.1

Action                     |  1- 3 |  4- 6 || total
---------------------------+-------+-------++-------
  Melee: Dagger            |    53 |       ||    53
         Punch             |     1 |       ||     1
         Hand axe          |       |    26 ||    26
   Cast: Magic Dart        |   128 |    40 ||   168
         Mephitic Cloud    |     2 |    10 ||    12
   Stab: Confused          |       |     5 ||     5
 Armour: Robe              |    35 |    16 ||    51
  Dodge: Dodged            |    89 |    22 ||   111

Table legend: (Time is in decaauts)
 A = Elapsed time spent in this place.
 B = Non-inter-level travel time spent in this place.
 C = Inter-level travel time spent in this place.
 D = Time resting spent in this place.
 E = Time spent auto-exploring this place.
 F = Levels seen in this place.
 G = Mean time per level.
                   A        B        C        D        E       F      G
               +--------+--------+--------+--------+--------+-----+--------+
         Total |   3360 |   3274 |     86 |    263 |   2502 |   4 |  840.0 |
       Dungeon |   3360 |   3274 |     86 |    263 |   2502 |   4 |  840.0 |
               +--------+--------+--------+--------+--------+-----+--------+

Top non-repeatable levels by time:
     D:1: 1509 daAuts
     D:3: 915 daAuts
     D:2: 914 daAuts
     D:4: 20 daAuts
